Map: New Repugnancy LE

Players

TIME (Oliveira)

  • Race: Terran Terran
  • League: Master
  • Spawn Location: 7:00

MaSa - Winner!

  • Race: Terran Terran
  • League: Master
  • Spawn Location: 1:00

Event: 2019 WCS Winter Americas

VOD

Have the link to the VOD?

Description

Time

  • Played on: April 6, 2019, 2:42 p.m.
  • Length: 15:59

All games in this series

Show
View Real Time Build Order
Export as new Build Order

TIME Terran 

Build Orders: 1/1/1 

Get SALT Encoding   

  12  0:00  SCV  
  13  0:12  SCV  
  14  0:17  Supply Depot  
  14  0:24  SCV  
  14  0:28  Refinery  
  15  0:39  SCV  
  16  0:44  Barracks  
  16  0:51  SCV  
  17  0:57  Refinery  
  17  1:03  SCV  
  18  1:15  SCV  
  19  1:32  Reaper, Orbital Command  
  20  1:37  Factory  
  20  1:46  Supply Depot  
  20  1:58  SCV  
  21  2:04  Reaper  
  22  2:10  SCV  
  23  2:21  Hellion  
  23  2:22  SCV  
  26  2:25  Starport  
  26  2:38  Reaper  
  26  2:43  Hellion  
  29  3:00  Command Center  
  29  3:02  SCV  
  30  3:12  Factory Tech Lab  
  30  3:13  Starport Tech Lab  
  30  3:14  Supply Depot  
  30  3:16  Barracks Reactor  
  30  3:20  SCV  
  31  3:36  SCV, Raven  
  34  3:47  Refinery  
  34  3:48  SCV, Cyclone  
  35  3:51  Supply Depot  
  35  3:53  Marine  
  39  4:11  SCV, Orbital Command, Marine  
  39  4:15  Marine  
  42  4:21  Raven  
  42  4:23  SCV  
  45  4:29  Marine  
  46  4:33  Marine  
  46  4:36  SCV  
  46  4:37  SCV  
  46  4:38  Siege Tank  
  52  4:43  Supply Depot  
  52  4:47  Marine  
  52  4:48  SCV  
  52  4:49  SCV  
  56  5:00  Supply Depot  
  56  5:01  SCV x2  
  57  5:10  Siege Tank  
  57  5:12  Viking x2  
  57  5:13  SCV  
  57  5:14  SCV, Marine  
  65  5:25  SCV  
  65  5:26  SCV  
  67  5:30  Stimpack  
  67  5:33  Supply Depot  
  67  5:34  Marine  
  68  5:37  SCV  
  68  5:39  SCV  
  70  5:43  Viking  
  70  5:47  Siege Tank  
  70  5:49  SCV  
  76  5:56  Supply Depot  
  76  5:58  Viking  
  76  6:03  SCV  
  77  6:06  SCV  
  77  6:15  SCV  
  78  6:20  Supply Depot  
  78  6:22  Viking  
  80  6:28  Siege Tank  
  80  6:29  Command Center  
  80  6:31  SCV  
  82  6:36  Viking  
  82  6:39  SCV  
  85  6:42  Marine  
  85  6:48  SCV  
  85  6:52  Viking  
  73  7:06  Viking  
  71  7:13  SCV  
  67  7:17  SCV  
  67  7:18  Marine  
  67  7:19  Engineering Bay, Siege Tank, Refinery  
  67  7:20  Engineering Bay  
  67  7:22  Viking  
  74  7:25  SCV  
  75  7:33  SCV  
  75  7:35  Barracks  
  75  7:37  Barracks  
  71  7:47  Viking  
  71  7:48  Marine  
  71  7:49  SCV  
  71  7:50  SCV  
  76  7:52  Orbital Command  
  76  7:53  Viking  
  78  8:01  SCV  
  78  8:02  SCV  
  78  8:03  Siege Tank  
  83  8:09  Combat Shield  
  83  8:10  Marine  
  84  8:13  SCV  
  84  8:14  SCV  
  84  8:15  Terran Infantry Weapons Level 1  
  84  8:18  SCV  
  87  8:24  Barracks Reactor  
  87  8:26  SCV, Barracks x2  
  87  8:27  SCV  
  89  8:29  Barracks Reactor  
  89  8:34  SCV  
  89  8:38  SCV, Marine  
  89  8:40  Terran Infantry Armor Level 1  
  92  8:41  SCV  
  92  8:42  Supply Depot  
  92  8:46  SCV, Refinery x2  
  94  8:48  Sensor Tower  
  94  8:51  SCV  
  94  8:53  SCV  
  96  8:56  Viking  
  96  8:58  Viking  
  96  8:59  SCV  
  96  9:00  Marine  
  96  9:01  Marine x2  
  104  9:03  SCV  
  104  9:05  SCV  
  104  9:06  Marine x2  
  104  9:07  Siege Tank  
  111  9:11  SCV  
  111  9:15  SCV  
  114  9:18  Barracks Reactor x2  
  114  9:19  SCV  
  113  9:24  SCV  
  113  9:25  Armory  
  113  9:27  Marine x2  
  113  9:30  Marine  
  113  9:33  Command Center, Marine x2  
  108  9:45  Marine  
  104  9:47  Marine  
  104  9:49  Marine  
  104  9:52  SCV x2  
  104  9:53  SCV  
  104  9:55  Marine x2  
  104  9:56  Marine x2  
  109  10:00  Siege Tank  
  109  10:01  Medivac x2  
  109  10:04  SCV  
  117  10:08  SCV, Marine  
  117  10:09  Marine  
  117  10:10  Marine  
  117  10:11  Marine  
  104  10:14  SCV  
  104  10:16  Marine  
  104  10:17  Marine x2  
  104  10:18  Marine  
  97  10:24  SCV  
  97  10:26  Terran Infantry Weapons Level 2  
  97  10:27  Marine  
  96  10:31  Marine x2  
  96  10:34  Refinery, Marine  
  87  10:38  Siege Tank  
  87  10:43  Terran Infantry Armor Level 2  
  87  10:46  Marine  
  88  10:50  Marine  
  88  10:54  Marine  
  88  10:55  Marine  
  88  10:56  Marine x3  
  85  10:57  Marine x2  
  85  11:02  SCV x3  
  74  11:04  Marine  
  74  11:08  Marine  
  74  11:12  Marine  
  74  11:13  Marine  
  74  11:14  SCV x2  
  74  11:17  Siege Tank, Marine  
  82  11:19  SCV  
  82  11:22  Marine  
  82  11:26  SCV x2  
  82  11:27  Marine  
  82  11:28  Marine  
  82  11:31  Marine  
  87  11:34  Marine  
  87  11:35  SCV  
  87  11:38  SCV x2  
  91  11:40  Refinery, Marine  
  91  11:41  Marine  
  93  11:47  SCV, Marine x2  
  93  11:50  SCV x2, Siege Tank  
  93  11:53  Medivac  
  102  11:56  Medivac  
  102  11:57  Marine  
  102  11:59  SCV  
  106  12:02  Marine x3  
  106  12:03  Supply Depot  
  106  12:05  Marine  
  110  12:09  Marine  
  110  12:11  Marine  
  110  12:12  SCV  
  110  12:13  SCV  
  103  12:16  SCV  
  103  12:17  Marine  
  104  12:23  Marine  
  104  12:24  SCV  
  104  12:26  Marine  
  104  12:27  Marine x2  
  104  12:29  SCV  
  86  12:30  SCV  
  86  12:32  Marine  
  84  12:38  Medivac x2  
  84  12:39  Marine  
  84  12:41  Marine  
  84  12:42  Marine  
  87  12:47  Marine  
  87  12:49  SCV  
  89  12:55  Marine x2  
  89  12:56  SCV x2, Marine  
  89  12:57  Marine  
  93  13:02  SCV  
  93  13:07  Refinery, Marine x2  
  93  13:08  SCV, Marine  
  97  13:13  Marine x3  
  100  13:23  Marine  
  100  13:24  Marine  
  100  13:25  Marine  
  103  13:28  SCV  
  103  13:35  SCV  
  78  13:49  Marine x4  
  78  13:51  SCV  
  78  13:53  SCV x2  
  78  13:54  Marine x2  
  79  13:56  Marine  
  80  14:02  Marine  
  80  14:03  SCV  
  80  14:05  SCV x2  
  80  14:08  Marine  
  84  14:11  Marine x2  
  84  14:15  SCV, Marine x2  
  84  14:17  SCV, Marine  
  90  14:18  SCV  
  90  14:20  Siege Tank  
  95  14:27  SCV, Marine x3  
  95  14:29  SCV  
  100  14:37  Marine  
  100  14:38  Marine  
  102  14:42  Marine  
  102  14:44  Marine x2  
  104  14:47  Medivac x2  
  104  14:49  Marine x3  
  112  14:55  Marine  
  112  14:58  Siege Tank  
  112  15:04  Marine x2  
  112  15:05  Marine  
  112  15:07  Sensor Tower  
  112  15:08  SCV  
  112  15:11  SCV  
  112  15:13  SCV  
  115  15:16  Marine x3  
  115  15:19  Marine  
  115  15:20  Marine  
  115  15:23  Marine x2  
  115  15:24  Marine  
Show
View Real Time Build Order
Export as new Build Order

MaSa Terran - Winner!

Build Orders: 1/1/1 

Get SALT Encoding   

  12  0:00  SCV  
  13  0:12  SCV  
  14  0:18  Supply Depot  
  14  0:24  SCV  
  15  0:29  Refinery  
  15  0:39  SCV  
  16  0:45  Barracks  
  16  0:52  SCV  
  16  0:55  Refinery  
  17  1:04  SCV  
  18  1:16  SCV  
  19  1:32  Orbital Command, Factory  
  19  1:35  Reaper  
  20  1:47  Supply Depot  
  20  1:58  SCV  
  21  2:07  Reaper  
  22  2:10  SCV  
  23  2:16  Starport  
  23  2:17  Hellion  
  23  2:22  SCV  
  26  2:34  SCV, Supply Depot  
  27  2:39  Hellion  
  27  2:40  Barracks Tech Lab  
  29  2:46  SCV  
  30  2:58  SCV  
  30  3:01  Raven  
  30  3:02  Widow Mine  
  35  3:14  Command Center  
  35  3:17  Barracks Reactor  
  35  3:20  SCV  
  35  3:25  Factory Tech Lab  
  36  3:34  SCV, Supply Depot  
  37  3:36  Refinery  
  37  3:46  SCV  
  38  3:54  Marine  
  39  3:55  Banshee  
  39  3:57  Supply Depot, Marine  
  39  3:58  SCV  
  44  4:08  Siege Tank  
  47  4:19  SCV, Marine x2  
  50  4:26  Orbital Command  
  50  4:31  SCV  
  51  4:43  SCV, Siege Tank  
  55  4:46  Supply Depot  
  55  4:47  Viking  
  55  4:52  Viking  
  59  4:55  SCV x2  
  59  4:58  Marine  
  62  5:07  SCV  
  62  5:09  SCV  
  62  5:10  Supply Depot  
  64  5:15  Siege Tank  
  64  5:16  Marine  
  64  5:19  SCV  
  64  5:21  SCV  
  70  5:24  Viking  
  70  5:27  Viking  
  74  5:31  SCV  
  74  5:33  SCV  
  76  5:36  Marine, Supply Depot  
  77  5:43  SCV  
  77  5:46  SCV  
  77  5:48  Siege Tank  
  82  5:54  Viking, Marine  
  82  5:57  Viking  
  82  6:00  SCV  
  81  6:13  SCV  
  81  6:17  SCV  
  82  6:20  Siege Tank  
  82  6:21  Marine  
  82  6:24  Viking  
  88  6:29  SCV  
  88  6:31  Viking  
  88  6:32  Command Center  
  91  6:38  Refinery, Supply Depot  
  91  6:41  SCV  
  90  6:57  SCV  
  90  6:58  Viking  
  90  7:01  Viking  
  82  7:02  SCV  
  79  7:09  SCV  
  79  7:11  Marine  
  79  7:13  Siege Tank  
  77  7:16  SCV  
  77  7:22  SCV  
  79  7:25  Stimpack  
  79  7:26  Barracks  
  79  7:27  Barracks x2  
  79  7:30  Marine  
  79  7:31  Viking  
  79  7:34  SCV  
  79  7:36  SCV  
  82  7:45  Siege Tank  
  82  7:46  SCV  
  82  7:48  SCV, Marine  
  82  7:50  Orbital Command  
  86  7:58  SCV  
  86  8:00  Engineering Bay  
  86  8:01  Engineering Bay, Refinery  
  86  8:02  SCV  
  87  8:06  Viking, Refinery  
  87  8:11  SCV  
  90  8:14  SCV  
  90  8:17  Siege Tank  
  90  8:19  Barracks Reactor x3  
  94  8:23  SCV  
  94  8:24  SCV  
  94  8:25  Engineering Bay  
  94  8:26  SCV, Engineering Bay, Marine  
  98  8:35  SCV  
  98  8:36  SCV, Barracks, Viking x2  
  98  8:38  SCV  
  105  8:47  SCV  
  105  8:48  SCV, Supply Depot  
  107  8:50  Supply Depot  
  107  8:51  SCV  
  107  8:52  Marauder  
  110  8:55  Siege Tank  
  110  8:59  SCV  
  110  9:01  Marine x3  
  117  9:05  Terran Infantry Weapons Level 1  
  117  9:09  Supply Depot  
  117  9:10  Viking, Supply Depot, Marine x2  
  117  9:12  Marine  
  117  9:14  Supply Depot  
  122  9:28  Marine x2  
  122  9:29  Marine x3  
  122  9:30  Marine  
  128  9:31  SCV  
  128  9:32  Siege Tank, Marine  
  128  9:34  SCV  
  134  9:39  Command Center  
  128  9:46  Marine x3  
  128  9:48  Marine x2  
  128  9:49  Marine  
  128  9:50  Viking x2  
  128  9:51  SCV  
  131  9:52  SCV  
  131  9:53  SCV, Terran Infantry Armor Level 1  
  131  9:57  Marine  
  133  10:03  SCV  
  133  10:04  Marine x3  
  133  10:06  Marine x3  
  138  10:11  SCV  
  132  10:14  SCV  
  132  10:15  Marine  
  132  10:20  Medivac x2  
  132  10:21  Siege Tank  
  132  10:22  Marine x3  
  132  10:23  SCV  
  132  10:24  Marine  
  132  10:27  Combat Shield  
  129  10:35  Marine x3  
  125  10:37  SCV  
  125  10:39  Armory  
  123  10:44  Marine x2  
  125  10:50  Medivac x2  
  125  10:53  Siege Tank  
  125  10:56  Marine  
  125  10:57  Marine x4  
  130  11:02  Marine x2  
  130  11:04  SCV  
  133  11:10  Barracks Reactor  
  133  11:14  Marine x4  
  133  11:15  Marine  
  138  11:20  Medivac x2, Marine x2  
  144  11:25  Siege Tank  
  144  11:32  Marine x4  
  148  11:38  Terran Infantry Weapons Level 2  
  148  11:39  Terran Vehicle And Ship Armor Level 1  
  148  11:40  Marine  
  148  11:41  Marine  
  150  11:47  Marine x3  
  150  11:50  Marine x2  
  155  11:56  Marine x2  
  155  11:58  Siege Tank  
  160  12:02  Terran Infantry Armor Level 2, Marine x2  
  162  12:09  Marine x4  
  159  12:17  Command Center  
  147  12:24  Marine  
  147  12:25  Medivac x2, Marine x4  
  147  12:27  Marine x2  
  147  12:29  Marine x2  
  151  12:30  Siege Tank  
  152  12:41  Planetary Fortress  
  152  12:42  Marine  
  152  12:43  Refinery, Marine x4  
  157  12:44  Refinery  
  157  12:45  Marine x2  
  157  12:47  Marine x2  
  161  12:52  Starport  
  161  12:54  Starport  
  161  12:58  Barracks  
  157  13:00  Marine  
  157  13:01  Marine x3  
  157  13:02  Siege Tank  
  157  13:07  Medivac x2  
  157  13:08  Marine x4  
  165  13:14  Marine  
  165  13:18  Marine  
  165  13:19  Marine x3  
  170  13:26  Marine x2  
  172  13:29  Marine x2  
  172  13:31  Starport Tech Lab, Supply Depot  
  153  13:42  Marine x3  
  153  13:44  Siege Tank, Marine x2  
  139  13:50  Refinery  
  139  13:51  Marine x2  
  139  13:54  Marine  
  139  13:55  Marine x2  
  134  13:59  Marine  
  134  14:00  Marine  
  134  14:01  Fusion Core, Starport Reactor  
  134  14:02  Planetary Fortress  
  134  14:03  Marine x2  
  134  14:09  Marine x3  
  139  14:12  Marine  
  139  14:13  Marauder  
  139  14:16  SCV, Siege Tank  
  147  14:17  Marine x2  
  147  14:18  Barracks Reactor  
  147  14:21  Marine x2  
  147  14:22  Viking  
  147  14:23  Viking, Medivac  
  156  14:26  Marine  
  156  14:28  Marine x2  
  156  14:30  Marine  
  160  14:33  Liberator  
  160  14:34  Marauder  
  160  14:35  Marine  
  163  14:40  Marine x3  
  163  14:44  Marine  
  167  14:45  Marine  
  167  14:48  Siege Tank  
  167  14:51  Marine  
  175  14:55  Marine x3  
  175  14:56  Marauder  
  177  15:03  Marine x5  
  177  15:04  Marine  
  177  15:05  Viking  
  179  15:18  Command Center  
  176  15:22  Marauder, Marine x4  
  176  15:25  Marine x2  
Tags
 
Add a new tag
Caveats
  • Supply blocks, unpowered buildings, or Contaminate may cause inaccurate times.
  • Supply counts are checked every 10 seconds.